 Dungeon Crawl Stone Soup version 0.21.1-1-g345015f (webtiles) character file.

229 sking99 the Digger (level 6, -1/32 HPs)
             Began as a Gargoyle Earth Elementalist on June 17, 2018.
             Killed by Freeze
             ... invoked by inc's ghost
              (11 damage)
             ... on level 3 of the Dungeon.
             The game lasted 00:32:48 (3570 turns).

sking99 the Digger (Gargoyle Earth Elementalist)    Turns: 3570, Time: 00:32:49

Health: -1/32      AC:  6    Str: 12    XL:     6   Next: 3%
Magic:  7/11       EV: 12    Int: 17    God:
Gold:   134        SH:  0    Dex: 10    Spells: 3/12 levels left

rFire    . . .     SeeInvis .   n - +1 flail
rCold    . . .     Gourm    .   (no shield)
rNeg     + . .     Faith    .   c - +0 robe
rPois    ∞         Spirit   .   (no helmet)
rElec    +         Reflect  .   (no cloak)
rCorr    .         Harm     .   (no gloves)
MR       .....                  (no boots)
Stlth    ++........             (no amulet)
HPRegen  0.10/turn              (no ring)
MPRegen  0.12/turn              (no ring)

@: no status effects
A: negative energy resistance 1, electricity resistance, unbreathing,
petrification resistance, rot immunity, AC +4
a: no special abilities


You were on level 3 of the Dungeon.
You were not hungry.

You visited 1 branch of the dungeon, and saw 4 of its levels.

You collected 134 gold pieces.

Inventory:

Hand Weapons
 g - a +0 dagger
 m - a +0 club
 n - a +1 flail (weapon)
Missiles
 b - 28 stones (quivered)
Armour
 c - a +0 robe (worn)
Jewellery
 h - a +5 ring of protection {unknown}
Scrolls
 f - a scroll of remove curse {unknown}
 i - a scroll of immolation {unknown}
 j - 3 scrolls of teleportation
 o - 3 scrolls of enchant weapon
 p - a scroll of enchant armour {unknown}
 q - a scroll of identify {unknown}
 s - a scroll of amnesia {unknown}
 v - a scroll of fear {unknown}
Potions
 a - a potion of lignification {unknown}
 k - a potion of agility
 l - 4 potions of curing {unknown}
 r - a potion of mutation {unknown}
 t - a potion of might {unknown}
 u - a potion of berserk rage {unknown}
Books
 e - a book of Geomancy

   Spells                             Type                      Level
   a - Sandblast                      Earth                        1
   b - Passwall                       Transmutation/Earth          2
   c - Stone Arrow                    Conjuration/Earth            3
   d - Petrify                        Transmutation/Earth          4
   e - Lee's Rapid Deconstruction     Earth                        5
Comestibles
 d - 3 rations


   Skills:
 - Level 1.6 Dodging
 - Level 2.2 Stealth
 + Level 3.7 Spellcasting
 + Level 2.6 Conjurations
   Level 0.7 Transmutations
 + Level 5.6 Earth Magic


You had 3 spell levels left.
You knew the following spells:

 Your Spells              Type           Power        Failure   Level  Hunger
a - Sandblast             Erth           ###...       1%          1    None
b - Stone Arrow           Conj/Erth      ###...       9%          3    ###....
c - Lee's Rapid Deconstr  Erth           ###.......   41%         5    ######.


Dungeon Overview and Level Annotations

Branches:
Dungeon (4/15)
 Temple: D:4-7

Altars:
Wu Jian

Annotations:
D:2 exclusion: downstairs
D:3 inc's ghost, amateur OpIE


Innate Abilities, Weirdness & Mutations

You are resistant to torment.
Your stone body is resilient. (AC +4)
You are immune to poison.
You resist negative energy. (rN+)
You are resistant to electric shocks. (rElec)
You can survive without breathing.
You are immune to petrification.
You are immune to rotting.


Message History

Casting: Sandblast
Confirm with . or Enter, or press ? or * to list all spells.
Aiming: Sandblast
Press: ? - help, Shift-Dir - straight line, f/p - inc's ghost
Aim: inc's ghost, wielding a weapon of protection The blast of sand hits inc's ghost.
b - 29 stones Inc's ghost barely misses you.
Casting: Sandblast
Confirm with . or Enter, or press ? or * to list all spells.
Aiming: Sandblast
Press: ? - help, Shift-Dir - straight line, f/p - inc's ghost
Aim: inc's ghost, wielding a weapon of protection The blast of sand misses inc's ghost.
b - 28 stones Inc's ghost casts a spell at you.
You are frozen.
Inc's ghost casts a spell at you.
You are frozen.
You die...

#....###.#.# #.# #. #.#..###.#.#
#.# ######. #.#........##### #.#
#...... #..............###.#
#.##### #..#.###<####...##.# #.#
#....# #.# #.###.#.######.#
##...# #.# #.# #..........#
####...# #.# #.###.######.#.#####
.......###.####.@.## ##.........
##..............W.#####.....##..#
#.#..##..............†..........
#.#........####.######......#..#
#.#.#.###..####.# ##......>..
#.#...# #.......### ##.#..####
#.###.###..######.. #.#..#
#.###......# #.### #.#..#
#..........# #... .. ..


You could see inc's ghost.

Vanquished Creatures
  A crimson imp (D:2)
  A worker ant (D:3)
  Terence (D:2)
  Robin (D:3)
  6 adders
  A worm (D:2)
  4 dart slugs
  18 goblins
  7 hobgoblins
  6 jackals
  7 kobolds
  3 ball pythons (D:2)
  8 bats
  2 frilled lizards (D:2)
  6 rats
72 creatures vanquished.

Notes
Turn   | Place    | Note
-------+----------+-------------------------------------------
     0 | D:1      | sking99 the Gargoyle Earth Elementalist began the quest for the Orb.
     0 | D:1      | Reached XP level 1. HP: 10/10 MP: 3/3
   131 | D:1      | Reached skill level 4 in Earth Magic
   131 | D:1      | Reached XP level 2. HP: 15/15 MP: 1/5
   962 | D:1      | Reached XP level 3. HP: 19/19 MP: 4/6
  1189 | D:2      | Learned a level 3 spell: Stone Arrow
  1482 | D:2      | Reached XP level 4. HP: 24/24 MP: 6/8
  1505 | D:2      | Reached skill level 1 in Conjurations
  1524 | D:2      | Reached skill level 5 in Earth Magic
  1609 | D:2      | Reached XP level 5. HP: 28/28 MP: 1/9
  1790 | D:3      | Noticed Terence
  1824 | D:2      | Killed Terence
  2053 | D:3      | Noticed inc's ghost (amateur OpIE)
  2506 | D:3      | Noticed Robin
  2597 | D:3      | Killed Robin
  3109 | D:3      | Learned a level 5 spell: Lee's Rapid Deconstruction
  3115 | D:3      | Found an ornate altar of the Wu Jian Council.
  3280 | D:3      | Reached XP level 6. HP: 29/32 MP: 0/11
  3570 | D:3      | Killed from afar by inc's ghost

Skill      XL: |  1  2  3  4  5 |
---------------+----------------+-----
Earth Magic    | 4 5 |  5.6
Conjurations   | 1 2 |  2.6
Spellcasting   | 3 |  3.7
Dodging        | |  1.6
Stealth        | |  2.2
Transmutations | |  0.7

Action                   |  1- 3 |  4- 6 || total
-------------------------+-------+-------++-------
Melee: Unarmed           |     3 |       ||     3
       Club              |    63 |    24 ||    87
       Dagger            |     2 |       ||     2
       Flail             |       |    27 ||    27
 Cast: Sandblast         |    39 |    40 ||    79
       Stone Arrow       |       |    24 ||    24
  Use: Scroll            |       |     2 ||     2
 Stab: Sleeping          |     2 |       ||     2
  Eat: Chunk             |     2 |     3 ||     5
       Ration            |       |     2 ||     2
Armor: Robe              |    31 |    30 ||    61
Dodge: Dodged            |    67 |    64 ||   131
